 Dungeon Sprint DCSS version 0.26-a0-708-g17f3b190f9 (webtiles) character file.

Game seed: 10767456882592037170

24449 olmar the Peltast (level 12, -10/124 HPs)
             Began as a Minotaur Fighter on Oct 27, 2020.
             Was an Initiate of Gozag.
             Killed from afar by Lom Lobon (59 damage)
             ... with a great icy blast
             ... in the Dungeon (Sprint I: "Red Sonja").
             The game lasted 00:21:29 (3088 turns).

olmar the Peltast (Minotaur Fighter)                Turns: 3088, Time: 00:21:30

Health: -10/124    AC: 28    Str: 24    XL:     12   Next: 80%
Magic:  2/2        EV: 11    Int:  5    God:    Gozag
Gold:   4354       SH: 16    Dex: 16    Spells: 11/11 levels left

rFire    + . .     SeeInvis .   i - +5 mace of Purpose {drain, +Fly rN+ MP-9 Dex+6}
rCold    . . .     Faith    .   c - +0 kite shield
rNeg     + . .     Spirit   .   q - +6 plate armour of the Sky {rF+ MR+ Str-2}
rPois    .         Reflect  .   (helmet restricted)
rElec    .         Harm     .   B - +0 cloak {rCorr}
rCorr    +         Rampage  .   z - +1 pair of gloves
MR       +....     NoTele   +   (no boots)
Stlth    ..........             (no amulet)
HPRegen  0.30/turn              (no ring)
MPRegen  0.08/turn              (no ring)

@: gold aura
A: retaliatory headbutt, horns 2
a: Potion Petition, Call Merchant, Bribe Branch, Renounce Religion, Evoke Flight


You were in the Dungeon.
You worshipped Gozag.
Gozag was most pleased with you.
You visited 1 branch You collected 9982 gold pieces.
You spent 2562 gold pieces at shops.
You paid 3066 gold pieces to Gozag.

Inventory:

Hand Weapons
 a - a +0 flail
 e - the +8 spear "Plog" {vorpal, Fragile Dex+5, unknown}
   (You found it in the Dungeon)

   It inflicts extra damage upon your enemies.
   It affects your dexterity (+5).
   It will be destroyed if unequipped.
 i - the +5 mace of Purpose (weapon) {drain, +Fly rN+ MP-9 Dex+6}
   (You bought it in a shop in the Dungeon)

   A truly terrible weapon, it drains the life of those it strikes.
   It affects your dexterity (+6).
   It protects you from negative energy.
   It affects your magic capacity (-9).
   It lets you fly.
Missiles
 n - 4 curare-tipped darts (quivered)
Armour
 b - a +0 scale mail
 c - a +0 kite shield (worn)
 l - a +0 chain mail
 m - a +0 scale mail of cold resistance
 q - the +6 plate armour of the Sky (worn) {rF+ MR+ Str-2}
   (You found it in the Dungeon)

   It affects your strength (-2).
   It protects you from fire.
   It affects your resistance to hostile enchantments.
 z - a +1 pair of gloves (worn)
 B - a +0 cloak of preservation (worn)
Wands
 g - a wand of acid (10)
 k - a wand of digging (1)
 D - a wand of paralysis (6)
Scrolls
 d - 4 scrolls of identify
 f - 3 scrolls of enchant armour
 j - a scroll of blinking
 o - a scroll of random uselessness {unknown}
 p - 2 scrolls of fear
 s - a scroll of fog
 t - 2 scrolls of enchant weapon
 u - 2 scrolls of remove curse
 v - a scroll of amnesia
 y - 2 scrolls of magic mapping
Potions
 h - 2 potions of magic
 r - 2 potions of flight
 A - 2 potions of lignification
Miscellaneous
 w - a condenser vane (1/2)
 x - a phial of floods
 C - a lightning rod (4/4)
 E - a box of beasts (inert)


   Skills:
 + Level 16.5 Fighting
 + Level 17.6 Maces & Flails
 + Level 18.3 Armour
 + Level 5.2 Dodging
 + Level 3.2 Stealth
 + Level 19.1 Shields
 + Level 11.2 Evocations


You had 11 spell levels left.
You didn't know any spells.
Your spell library contained the following spells:

 Spells                   Type           Power        Failure   Level
 Sting                    Tmut/Pois      #...         97%         1
 Poisonous Vapours        Pois/Air       #.....       99%         2
 Ignite Poison            Fire/Tmut/Pois #.......     100%        3
 Mephitic Cloud           Conj/Pois/Air  #.......     100%        3
 Leda's Liquefaction      Hex/Erth       #.........   100%        4
 Olgreb's Toxic Radiance  Pois           #.......     100%        4
 Bolt of Magma            Conj/Fire/Erth #.........   100%        5
 Iron Shot                Conj/Erth      #.........   100%        6
 Statue Form              Tmut/Erth      #........    100%        6
 Shatter                  Erth           #.........   100%        9


Dungeon Overview and Level Annotations

Branches:
Dungeon (1/1)

Altars:
Cheibriados
Dithmenos
Elyvilon
Fedhas
Gozag
Hepliaklqana
Kikubaaqudgha
Makhleb
Nemelex Xobeh
Okawaru
Qazlal
Ru
Sif Muna
Trog
Uskayaw
Vehumet
Wu Jian
Xom
Yredelemnul
Zin
The Shining One
Jiyva
Lugonu

Shops:
D :(?=[}(!?}*[*[[[=(

Annotations:
D exclusion: oklob plant, Lom Lobon, Sonja, Tiamat


Innate Abilities, Weirdness & Mutations

You reflexively headbutt those who attack you in melee.
You have a pair of horns on your head.


Message History

Lom Lobon gestures.
Your mature stingfire beast hits the ball lightning!!
The ball lightning explodes!
The blast of lightning engulfs your mature stingfire beast!
The blast of lightning engulfs Lom Lobon.
Lom Lobon completely resists.
The blast of lightning engulfs you!
Unknown command.
Unknown command.
Evoke which item? (* to show all) (? for menu, Esc to quit)
You open the lid... ...and a mature firebat beast flies out!
The box is emptied!
A ball lightning comes into view.
Lom Lobon gestures at you.
Lom Lobon conjures a mighty blast of ice!
The great icy blast engulfs your mature firebat beast!!!
Your mature firebat beast is flash-frozen.
The great icy blast engulfs you!!!
You die...
Your body crumbles into a pile of gold. ####################### §.§§§.§§§§.§..#§H&*§§.# $$$$$$ §##§#§..§.##§.'H@#§§§§## $$$$$$

.#.###§..#######+#§§§§§#####$$$$
..§#.###§#.(.##..#§.§§.#...#$$$$
##^....#.##...#..##§&.§#(∩)#$$$$
.#...#.#..###.#..§#§#§##.§.#$$$$
.+.....##.#.#.#.§§..#§####§#$$$$
°#^....#...##.#§§§§§#§#.^.§##$$$
^###++##.##...#§&§#))..§§§§.##$$
###..###..#+###§§§#.§^.§.§§..#$$


You could see Lom Lobon (gusty), a ball lightning and 2 friendly mutant beasts.

Vanquished Creatures
  A daeva (D)
  4 fire giants (D)
  A deep elf annihilator (D)
  A lorocyproca (D)
  A hydra (D)
  2 centaur warriors (D)
  7 unseen horrors (D)
  A deep troll (D)
  A lindwurm (D)
  An oklob plant (D)
  2 merfolk sirens (D)
  2 kobold demonologists (D)
  A hellwing (D)
  4 demonic crawlers (D)
  A meliai (D)
  5 hornets (D)
  A slime creature (D)
  2 redbacks (D)
  Sigmund (D)
  13 hogs (D)
  A yak (D)
  3 floating eyes (D)
  7 necrophages (D)
  An ogre (D)
  8 jellies (D)
  Ijyb (D)
  A ballistomycete spore (D)
74 creatures vanquished.

Vanquished Creatures (collateral kills)
  A golden dragon (D)
  A shadow dragon (D)
  A gargoyle (D)
  A ball lightning (D)
4 creatures vanquished.

Vanquished Creatures (others)
  the Lernaean hydra (D)
  A mummy priest (D)
  An oklob plant (D)
  A gargoyle (D)
  A ballistomycete spore (D)
5 creatures vanquished.

Grand Total: 83 creatures vanquished

Notes
Turn   | Place    | Note
-------+----------+-------------------------------------------
     0 | D        | olmar the Minotaur Fighter began the quest for the Orb.
     0 | D        | Reached XP level 1. HP: 19/19 MP: 0/0
     1 | D        | Noticed Ijyb
    15 | D        | Killed Ijyb
    15 | D        | Reached skill level 5 in Fighting
    15 | D        | Reached skill level 5 in Armour
    15 | D        | Reached skill level 5 in Shields
    15 | D        | Reached XP level 2. HP: 23/29 MP: 1/1
    52 | D        | Noticed an ogre
    56 | D        | Killed an ogre
    56 | D        | Reached skill level 6 in Shields
    56 | D        | Reached XP level 3. HP: 38/38 MP: 2/2
    56 | D        | Reached XP level 4. HP: 45/45 MP: 3/3
    76 | D        | Noticed Sigmund
    88 | D        | Killed Sigmund
    88 | D        | Reached skill level 8 in Shields
    88 | D        | Reached XP level 5. HP: 51/55 MP: 4/4
   100 | D        | Found an ornate altar of the Wu Jian Council.
   100 | D        | Found a shimmering blue altar of Sif Muna.
   102 | D        | Found a radiant altar of Vehumet.
   106 | D        | Reached XP level 6. HP: 52/62 MP: 5/5
   131 | D        | Found Ematoel's Weapon Emporium.
   131 | D        | Found an ancient bone altar of Kikubaaqudgha.
   131 | D        | Found a hazy altar of Hepliaklqana.
   131 | D        | Found a hide-covered altar of Uskayaw.
   131 | D        | Found a basalt altar of Yredelemnul.
   131 | D        | Found an opulent altar of Gozag.
   131 | D        | Found a snail-covered altar of Cheibriados.
   131 | D        | Found a sacrificial altar of Ru.
   131 | D        | Found a shadowy altar of Dithmenos.
   131 | D        | Noticed a yak
   138 | D        | Killed a yak
   138 | D        | Reached skill level 10 in Armour
   138 | D        | Reached skill level 9 in Shields
   139 | D        | Found a stormy altar of Qazlal.
   139 | D        | Found a blossoming altar of Fedhas.
   139 | D        | Found a bloodstained altar of Trog.
   139 | D        | Found an iron altar of Okawaru.
   139 | D        | Found a glowing golden altar of the Shining One.
   139 | D        | Found a glowing silver altar of Zin.
   139 | D        | Found a white marble altar of Elyvilon.
   140 | D        | Found a sparkling altar of Nemelex Xobeh.
   143 | D        | Became a worshipper of Gozag Ym Sagoz the Greedy
   234 | D        | Found a burning altar of Makhleb.
   234 | D        | Found a viscous altar of Jiyva.
   234 | D        | Found a shimmering altar of Xom.
   234 | D        | Found a corrupted altar of Lugonu.
   234 | D        | Noticed a slime creature
   240 | D        | Killed a slime creature
   240 | D        | Reached skill level 10 in Fighting
   240 | D        | Reached skill level 10 in Shields
   240 | D        | Reached XP level 7. HP: 48/72 MP: 6/6
   269 | D        | Bought the +5 mace of Purpose {drain, +Fly rN+ MP-9 Dex+6}
                  | for 374 gold pieces
   287 | D        | Noticed a kobold demonologist
   287 | D        | Noticed a kobold demonologist
   288 | D        | Paralysed by a floating eye for 3 turns
   291 | D        | Noticed a smoke demon
   296 | D        | Noticed a chaos spawn
   298 | D        | Killed a kobold demonologist
   299 | D        | Killed a kobold demonologist
   299 | D        | Reached skill level 10 in Maces & Flails
   299 | D        | Reached skill level 11 in Shields
   299 | D        | Reached XP level 8. HP: 62/82 MP: 0/7
   316 | D        | Noticed a centaur warrior
   319 | D        | Noticed a centaur warrior
   323 | D        | Killed a centaur warrior
   326 | D        | Killed a centaur warrior
   326 | D        | Reached skill level 12 in Shields
   326 | D        | Reached XP level 9. HP: 66/91 MP: 0/8
   367 | D        | Noticed a deep troll
   380 | D        | Killed a deep troll
   387 | D        | Found Futren's Armour Emporium.
   640 | D        | Noticed Sonja
   779 | D        | Found Wiahus's Book Boutique.
   873 | D        | Noticed an oklob plant
   879 | D        | Killed an oklob plant
   879 | D        | Reached skill level 13 in Shields
   903 | D        | Reached XP level 10. HP: 85/101 MP: 0/9
   910 | D        | Reached skill level 15 in Armour
  1052 | D        | Killed an unseen horror
  1052 | D        | Reached skill level 15 in Maces & Flails
  1074 | D        | Killed an unseen horror
  1074 | D        | Reached skill level 1 in Dodging
  1241 | D        | Reached skill level 14 in Shields
  1272 | D        | Got a bloodstained plate armour
  1279 | D        | Found Deotsug's Jewellery Shoppe.
  1279 | D        | Found Juosuq's Magic Scroll Shop.
  1279 | D        | Found Oripnun's Armour Boutique.
  1281 | D        | Found Reharaumm's Gadget Emporium.
  1281 | D        | Found Lashros's Antique Weapon Shop.
  1281 | D        | Found Peobbyhu's Distillery.
  1281 | D        | Found Reakovi's Magic Scroll Boutique.
  1281 | D        | Found Sifue's Gadget Emporium.
  1281 | D        | Found Ematzoism's Assorted Antiques.
  1281 | D        | Found Ynooxus's Antique Armour Shoppe.
  1283 | D        | Bought a scroll of enchant armour for 90 gold pieces
  1283 | D        | Bought a scroll of fog for 24 gold pieces
  1283 | D        | Bought a scroll of enchant weapon for 90 gold pieces
  1283 | D        | Bought a scroll of identify for 24 gold pieces
  1283 | D        | Bought a scroll of remove curse for 36 gold pieces
  1283 | D        | Bought a scroll of amnesia for 42 gold pieces
  1284 | D        | Found Wirrytt's General Store.
  1285 | D        | Bought a condenser vane (2/2) for 260 gold pieces
  1285 | D        | Found Sasaefec's Antique Armour Emporium.
  1285 | D        | Found Jusha's Antique Armour Boutique.
  1286 | D        | Found Bola's Jewellery Emporium.
  1287 | D        | Bought a potion of flight for 39 gold pieces
  1287 | D        | Bought a potion of ambrosia for 104 gold pieces
  1288 | D        | Bought a scroll of fear for 42 gold pieces
  1288 | D        | Bought a scroll of magic mapping for 42 gold pieces
  1300 | D        | Identified the +6 plate armour of the Sky {rF+ MR+ Str-2}
                  | (You found it in the Dungeon)
  1301 | D        | Bought a pair of runed gloves for 165 gold pieces
  1307 | D        | Bought 2 potions of lignification for 66 gold pieces
  1310 | D        | Bought an embroidered cloak for 247 gold pieces
  1318 | D        | Bought a potion of curing for 33 gold pieces
  1325 | D        | Bought a lightning rod (4/4) for 520 gold pieces
  1325 | D        | Bought a wand of paralysis (6) for 104 gold pieces
  1325 | D        | Bought a box of beasts (3/3) for 260 gold pieces
  1327 | D        | Killed a gargoyle
  1432 | D        | Noticed a lindwurm
  1441 | D        | Killed a lindwurm
  1441 | D        | Reached skill level 1 in Evocations
  1451 | D        | Reached skill level 1 in Stealth
  1452 | D        | Reached skill level 15 in Shields
  1453 | D        | Reached XP level 11. HP: 100/110 MP: 1/10
  1546 | D        | Noticed a daeva
  1563 | D        | Noticed an unseen horror
  1617 | D        | Killed a daeva
  1617 | D        | Reached skill level 15 in Fighting
  1617 | D        | Reached skill level 16 in Shields
  1620 | D        | HP: 7/168 [cloud of flame (4)]
  1701 | D        | Killed an unseen horror
  1756 | D        | Killed an unseen horror
  1773 | D        | Killed an unseen horror
  2067 | D        | Killed an unseen horror
  2067 | D        | Reached skill level 5 in Evocations
  2068 | D        | Killed an unseen horror
  2097 | D        | Noticed a fire giant
  2101 | D        | Noticed a fire giant
  2102 | D        | Noticed a fire giant
  2108 | D        | Killed a fire giant
  2108 | D        | Reached skill level 17 in Shields
  2113 | D        | Killed a fire giant
  2116 | D        | Noticed a fire giant
  2119 | D        | Killed a fire giant
  2119 | D        | Reached XP level 12. HP: 122/122 MP: 2/11
  2122 | D        | Killed a fire giant
  2193 | D        | Got a jewelled spear
  2204 | D        | Identified the +4 dragonskin cloak
  2204 | D        | Noticed Tiamat
  2275 | D        | Killed a lorocyproca
  2455 | D        | Noticed a 12-headed hydra
  2457 | D        | Reached skill level 18 in Shields
  2462 | D        | Killed a 12-headed hydra
  2577 | D        | Noticed a shadow dragon
  2579 | D        | Noticed a golden dragon
  2587 | D        | Killed a shadow dragon
  2593 | D        | Killed a golden dragon
  2593 | D        | Reached skill level 5 in Dodging
  2593 | D        | Reached skill level 10 in Evocations
  2661 | D        | Found Gynoexta's Antique Weapon Shoppe.
  2903 | D        | Noticed a deep elf annihilator
  2907 | D        | Killed a deep elf annihilator
  2975 | D        | Noticed a mummy priest
  3005 | D        | Noticed the 27-headed Lernaean hydra
  3027 | D        | Killed the 27-headed Lernaean hydra
  3027 | D        | Reached skill level 19 in Shields
  3071 | D        | Noticed Lom Lobon
  3075 | D        | Killed a mummy priest
  3088 | D        | Killed from afar by Lom Lobon

Illustrated notes

Levels and vault maps discovered:
D:        dungeon_sprint_1 [red_sonja_temple_1, red_sonja_temple_small_1]

Skill      XL: |  1  2  3  4  5  6  7  8  9 10 11 12 |
---------------+-------------------------------------+-----
Fighting       | 5 6 8 10 11 12 13 14 15 16 | 16.5
Maces & Flails | 3 4 6 8 10 12 14 16 17 | 17.6
Armour         | 5 7 9 10 12 14 15 17 18 | 18.3
Shields        | 5 6 8 10 11 12 13 15 17 19 | 19.1
Dodging        | 2 4 5 |  5.2
Evocations     | 1 7 11 | 11.2
Stealth        | 1 2 3 |  3.2

Action                   |  1- 3 |  4- 6 |  7- 9 | 10-12 || total
-------------------------+-------+-------+-------+-------++-------
Melee: Flail             |    16 |    25 |       |       ||    41
       Headbutt          |     4 |     5 |    18 |    41 ||    68
       Mace              |       |       |    57 |   169 ||   226
Invok: Potion Petition   |       |       |       |     7 ||     7
Evoke: Wand              |     1 |       |       |     4 ||     5
       Condenser vane    |       |       |       |    15 ||    15
       Lightning rod     |       |       |       |    32 ||    32
       Box of beasts     |       |       |       |    21 ||    21
  Use: Potion            |     1 |     1 |     2 |     7 ||    11
       Scroll            |       |       |       |     1 ||     1
 Stab: Distracted        |       |       |       |     1 ||     1
Armor: Scale mail        |     6 |       |     7 |    11 ||    24
       Chain mail        |       |     4 |     8 |       ||    12
       Plate armour      |       |       |       |   129 ||   129
       Skin              |       |       |       |    14 ||    14
Dodge: Dodged            |     3 |     2 |    11 |    45 ||    61
Block: Kite shield       |     6 |     6 |    39 |   134 ||   185

Table legend: (Time is in decaauts)
 A = Elapsed time spent in this place.
 B = Non-inter-level travel time spent in this place.
 C = Inter-level travel time spent in this place.
 D = Time resting spent in this place.
 E = Time spent auto-exploring this place.
 F = Levels seen in this place.
 G = Mean time per level.
                   A        B        C        D        E       F      G
               +--------+--------+--------+--------+--------+-----+--------+
         Total |   2982 |   2807 |    175 |   1482 |      0 |   1 | 2982.0 |
       Dungeon |   2982 |   2807 |    175 |   1482 |      0 |   1 | 2982.0 |
               +--------+--------+--------+--------+--------+-----+--------+

Top non-repeatable levels by time:
       D: 2982 daAuts
